 Dungeon Crawl Stone Soup version 0.32-a0-328-gd8048dd28f (webtiles) character file.

Game seed: 7016539579752058284

302128 nago the Eclecticist (level 20, -1/173 HPs)
             Began as a Demonspawn Cinder Acolyte on Feb 15, 2024.
             Was a High Priest of Ignis.
             Slain by a +1 flail of holy wrath (5 damage)
             ... on level 2 of the Elven Halls on Feb 16, 2024.
             The game lasted 01:29:36 (46535 turns).

nago the Eclecticist (Demonspawn Cinder Acolyte)   Turns: 46535, Time: 01:29:37

Health: -1/173     AC: 22    Str: 21    XL:     20   Next: 55%
Magic:  0/39       EV: 20    Int: 22    God:    Ignis [*****.]
Gold:   1236       SH:  6    Dex: 10    Spells: 25/49 levels left

rFire   + + .        b - staff of fire
rCold   + + +        q - +0 buckler {rC+}
rNeg    . . .        j - +0 acid dragon scales
rPois   .            (helmet unavailable)
rElec   .            Z - +0 cloak of Quasaisu {rC++ Will+}
rCorr   +            E - +2 pair of gloves
SInv    .            X - +2 pair of boots {Stlth+}
Will    ++++.        g - amulet of regeneration
Stlth   +++          O - +4 ring of protection {=R}
HPRegen 1.28/turn    o - ring of the Pariah {Will++ Str+6}
MPRegen 0.52/turn

%: guardian spirit
@: agile
A: horns 3, rugged brown scales 3, powered by pain 2, magic shield, magic
regeneration, magic link
}: 1/15 runes: gossamer
a: Renounce Religion, Fiery Armour, Foxfire Swarm, Rising Flame


You were on level 2 of the Elven Halls.
You worshipped Ignis.
Ignis was extremely pleased with you.
You visited 6 branches of the dungeon, and saw 32 of its levels.
You also visited: Gauntlet and Ice Cave.

You collected 4878 gold pieces.
You spent 3642 gold pieces at shops.


Innate Abilities, Weirdness & Mutations

You have a pair of large horns on your head.
You are completely covered in rugged brown scales. (AC +3, +7% HP)
You sometimes gain power by taking damage.
When hurt, damage is shared between your health and your magic reserves.
You regenerate magic rapidly.
When low on magic, you restore magic in place of health.


   Skills:
 - Level 15.0 Fighting
 - Level 2.6(8.0) Maces & Flails
 - Level 11.8(12.0) Staves
 - Level 6.0 Armour
 + Level 11.5 Dodging
 - Level 5.0 Stealth
 + Level 9.9 Shields
 - Level 15.0 Spellcasting
 - Level 10.0 Conjurations
 - Level 4.0 Translocations
 - Level 15.0 Fire Magic
 + Level 11.4 Air Magic
 - Level 4.0 Alchemy
 - Level 6.0 Evocations


You had 25 spell levels left.
You knew the following spells:

 Your Spells              Type           Power      Damage    Failure   Level
c - Flame Wave            Conj/Fire      82%        2d18      1%          4
d - Sticky Flame          Fire/Alch      72%        2d12      1%          4
x - Starburst             Conj/Fire      41%        6d12      4%          6
z - Scorch                Fire           100%       2d9       0%          2
B - Blink                 Tloc           68%        N/A       1%          2
X - Plasma Beam           Fire/Air       42%        2x1d56    3%          6

Your spell library contained the following spells:

 Spells                   Type           Power      Damage    Failure   Level
 Apportation              Tloc           68%        N/A       1%          1
 Foxfire                  Conj/Fire      100%       2x1d9     1%          1
 Magic Dart               Conj           100%       1d8       1%          1
 Lesser Beckoning         Tloc           68%        N/A       1%          2
 Momentum Strike          Conj/Tloc      94%        3d10      1%          2
 Dazzling Flash           Conj/Hex       76%        N/A       1%          3
 Hailstorm                Conj/Ice       38%        3d9       1%          3
 Inner Flame              Hex/Fire       65%        N/A       1%          3
 Volatile Blastmotes      Fire/Tloc      100%       2d18      1%          3
 Arcjolt                  Conj/Air       29%        1d39      1%          5
 Summon Blazeheart Golem  Fire/Summ      65%        N/A       2%          4
 Vhi's Electric Charge    Tloc/Air       100%       N/A       2%          4
 Gell's Gravitas          Tloc           34%        N/A       3%          3
 Teleport Other           Tloc           34%        N/A       3%          3
 Iskenderun's Mystic Bla  Conj/Tloc      47%        2d10      3%          4
 Necrotise                Necr           64%        1d7       5%          1
 Slow                     Hex            64%        N/A       5%          1
 Summon Small Mammal      Summ           64%        N/A       5%          1
 Call Imp                 Summ           32%        N/A       8%          2
 Ensorcelled Hibernation  Hex/Ice        32%        N/A       8%          2
 Jinxbite                 Hex            32%        N/A       8%          2
 Passage of Golubria      Tloc           34%        N/A       10%         4
 Silence                  Hex/Air        20%        N/A       14%         5
 Call Canine Familiar     Summ           16%        N/A       16%         3
 Confusing Touch          Hex            16%        N/A       16%         3
 Fugue of the Fallen      Necr           16%        N/A       16%         3
 Sigil of Binding         Hex            16%        N/A       16%         3
 Summon Ice Beast         Ice/Summ       16%        N/A       16%         3
 Tukima's Dance           Hex            16%        N/A       16%         3
 Vampiric Draining        Necr           16%        2d7       16%         3
 Dimensional Bullseye     Hex/Tloc       12%        N/A       22%         4
 Petrify                  Alch/Erth      25%        N/A       22%         4
 Alistair's Intoxication  Alch           22%        N/A       28%         5
 Anguish                  Hex/Necr       8%         N/A       45%         4
 Animate Armour           Summ/Erth      32%        N/A       45%         4
 Martyr's Knell           Necr/Summ      16%        N/A       45%         4
 Summon Forest            Summ/Tloc      12%        N/A       54%         5
 Curse of Agony           Necr           16%        N/A       82%         5
 Dispersal                Tloc           17%        N/A       83%         6
 Eringya's Noxious Bog    Alch           17%        4d6       83%         6
 Maxwell's Capacitive Co  Air            30%        ∞         97%         8
 Sculpt Simulacrum        Ice/Alch       12%        N/A       98%         6
 Summon Hydra             Summ           8%         N/A       100%        7
 Lehudib's Crystal Spear  Conj/Erth      19%        10d6      100%        8

Inventory:

Hand Weapons
 a - a +4 eveningstar of freezing
Missiles
 c - 5 curare-tipped darts {=f}
Armour
 j - +0 acid dragon scales (worn)
 q - a +0 buckler of cold resistance (worn)
 A - a +1 kite shield of reflection
 E - a +2 pair of gloves (worn)
 X - a +2 pair of boots of stealth (worn)
 Z - the +0 cloak of Quasaisu (worn) {rC++ Will+}
   (You acquired it on level 2 of the Orcish Mines)

   rC++:      It greatly protects you from cold.
   Will+:     It increases your willpower.
Magical Staves
 b - a staff of fire (weapon)
Jewellery
 g - an amulet of regeneration (around neck)
 k - a ring of see invisible
 l - a ring of wizardry
 n - a ring of positive energy
 o - the ring of the Pariah (right hand) {Will++ Str+6}
   (You found it on level 4 of the Lair of Beasts)

   [ring of strength]

   Str+6:     It affects your strength (+6).
   Will++:    It greatly increases your willpower.
 p - a +5 ring of evasion
 I - a +6 ring of intelligence
 L - a ring of flight
 O - a +4 ring of protection (left hand) {=R}
Wands
 i - a wand of acid (6)
 s - a wand of polymorph (6)
 t - a wand of mindburst (11)
 D - a wand of digging (11)
 K - a wand of paralysis (29)
 N - a wand of roots (4)
Scrolls
 f - 11 scrolls of fog
 r - 12 scrolls of immolation
 y - 7 scrolls of poison
 z - 7 scrolls of vulnerability
 B - 6 scrolls of blinking
 F - 4 scrolls of fear
 J - 5 scrolls of revelation
 S - 6 scrolls of summoning
 T - 8 scrolls of teleportation {@r4}
Potions
 d - 10 potions of magic
 h - 2 potions of heal wounds {@q2}
 m - 7 potions of brilliance
 w - 5 potions of mutation
 x - a potion of enlightenment
 C - 7 potions of curing {@q1}
 G - 3 potions of berserk rage {!q}
 H - 5 potions of haste {@q3}
 M - 7 potions of might
 Q - a potion of cancellation
 R - 3 potions of resistance
 V - 6 potions of ambrosia
 W - 2 potions of invisibility
 Y - 5 potions of attraction
Miscellaneous
 e - a sack of spiders
 u - a lightning rod (4/4)
 P - a phial of floods
 U - a phantom mirror

Dungeon Overview and Level Annotations

Branches:
Dungeon (15/15)            Temple (0/1) D:7            Lair (5/5) D:8
  Swamp (0/4) Lair:2       Spider (4/4) Lair:3        Slime (0/5) Lair:5
    Orc (2/2) D:10            Elf (2/3) Orc:2        Vaults (4/5) D:13
  Crypt (0/3) Vaults:2     Depths (0/4) D:15          IceCv (visited)
Gauntlet (visited)

Altars:
Ashenzari
Cheibriados
Dithmenos
Gozag
Hepliaklqana
Kikubaaqudgha
Makhleb
Nemelex Xobeh
Okawaru
Qazlal
Ru
Sif Muna
Trog
Wu Jian
Xom
Yredelemnul
Beogh
Jiyva

Shops:
D:4 (   D:7 *   D:10 [([(?   Orc:1 (   Orc:2 [:(*   Vaults:1 =:?
Vaults:2 ?(?[   Vaults:4 *

Annotations:
D:7 1 runed translucent door, Crazy Yiuf
Lair:5 2 transporters, Torious's ghost, journeyman DECj
Spider:3 2 transporters, Qeaxauw's ghost, adept OnBr
Elf:1 20 runed translucent doors

*********#####################***
,,,,,,,,,.....................,,,
,,,,,,,,,))).)..@{...)........,,,
,*+******############..#########*
,*,,,,,,,,,,,,,,,,,,#..#.....)..,
>*,,,,,,,,,,,,,,,,,,#..#........,
,*,,*****,,*******,,#..'..#'#####
,*,,*,,,*,,*,,,,,+,,#..#..#......
,*,,+,,,#..#.....#..#..#..#......
,*,,*,,,#..+.....#..#..#..#).....
,*,,*,,,#..#.....#..#..#..#......


You could see a +1 flail of holy wrath.


Message History

Unknown command.
Aiming: Fastroot
Press: ? - help, Shift-Dir - straight line The roots erupt in riotous growth!
Roots grab the +1 flail of holy wrath.
The grasping roots constrict the +1 flail of holy wrath!
The +1 flail of holy wrath hits you!
* * * LOW HITPOINT WARNING * * *
You convulse.
* * * LOW HITPOINT WARNING * * *
Unknown command.
The grasping roots constrict the +1 flail of holy wrath.
The +1 flail of holy wrath struggles to escape constriction.
The +1 flail of holy wrath escapes!
Casting: Plasma Beam (dangerous; 3% risk of failure)
Confirm with . or Enter, or press ? or * to list all spells.
Casting: Plasma Beam (dangerous; 3% risk of failure)
Press: ? - help, Dir - look around, f - activate You feel a surge of power!
The bolt of lightning hits the +1 flail of holy wrath.
The +1 flail of holy wrath completely resists.
The +1 flail of holy wrath is almost destroyed.
The fiery plasma hits the +1 flail of holy wrath.
The +1 flail of holy wrath resists.
The +1 flail of holy wrath is almost destroyed.
The +1 flail of holy wrath hits you!
* * * LOW HITPOINT WARNING * * *
You convulse!
You die...
Ignis goes out, and joins you in death.

Skill      XL: |  1  2  3  4  5  6  7  8  9 10 11 12 13 14 15 16 17 18 19 20 |
---------------+-------------------------------------------------------------+-----
Fire Magic     | 3 4 5 6 7 8 10 11 13 15 | 15.0
Spellcasting   | 2 3 4 5 6 7 9 10 11 12 13 15 | 15.0
Fighting       | 4 5 7 8 9 10 11 15 | 15.0
Stealth        | 1 2 3 5 |  5.0
Dodging        | 3 5 7 8 9 10 11 | 11.5
Evocations     | 3 4 6 |  6.0
Armour         | 2 4 6 |  6.0
Staves         | 1 4 6 8 9 11 | 11.8
Conjurations   | 5 8 10 | 10.0
Alchemy        | 3 4 |  4.0
Shields        | 1 5 7 8 9 |  9.9
Air Magic      | 3 6 9 10 11 | 11.4
Translocations | 1 4 |  4.0
Maces & Flails | |  2.6

Action                     |  1- 3 |  4- 6 |  7- 9 | 10-12 | 13-15 | 16-18 | 19-21 || total
---------------------------+-------+-------+-------+-------+-------+-------+-------++-------
  Melee: Mace              |    21 |    13 |       |       |       |       |       ||    34
         Dagger            |       |    25 |    30 |    48 |       |       |       ||   103
         Headbutt          |       |     7 |     2 |    11 |    63 |    63 |    42 ||   188
         Staff             |       |       |       |     9 |   139 |   207 |   130 ||   485
         Scimitar          |       |       |       |       |    96 |    22 |     9 ||   127
         Eveningstar       |       |       |       |       |       |       |    21 ||    21
  Throw: Dart              |       |       |       |       |     4 |       |       ||     4
   Cast: Scorch            |    16 |    71 |   201 |   614 |   119 |     2 |       ||  1023
         Sticky Flame      |       |       |       |    15 |    81 |    86 |     3 ||   185
         Flame Wave        |       |       |       |     5 |   322 |   193 |       ||   520
         Plasma Beam       |       |       |       |       |       |   301 |   387 ||   688
         Starburst         |       |       |       |       |       |    23 |     6 ||    29
  Evoke: Wand              |       |       |       |     6 |    18 |    16 |     1 ||    41
         Phantom mirror    |       |       |       |       |       |     1 |       ||     1
         Phial of floods   |       |       |       |       |       |     1 |     1 ||     2
         Sack of spiders   |       |       |       |       |       |       |     1 ||     1
    Use: Scroll            |     2 |     4 |     7 |    10 |    12 |    13 |     4 ||    52
         Potion            |       |       |     1 |     4 |     2 |     8 |     1 ||    16
   Stab: Sleeping          |       |       |     2 |       |     1 |       |       ||     3
         Paralysed         |       |       |       |       |       |    16 |       ||    16
 Armour: Robe              |    20 |    51 |    69 |       |       |       |       ||   140
         Acid dragon scale |       |       |    44 |   403 |   516 |   125 |   164 ||  1252
         Leather armour    |       |       |       |       |   226 |   686 |       ||   912
  Dodge: Dodged            |    15 |    58 |   100 |   630 |  1152 |   555 |   110 ||  2620
  Block: Buckler           |       |       |       |       |   157 |   209 |    35 ||   401

Levels and vault maps discovered:
D:1:      lemuel_arrival_funnel, layout_loops_corners, corner_web_ring
D:2:      wander_river, layout_loops_corners, basic_ecumenical_altar
D:3:      layout_loops_corners, gammafunk_temple_overflow_wave,
          minmay_misc_feat_secret_circle, uniq_pargi
D:4:      layout_rooms, kennysheep_mini, grunt_temple_overflow_open,
          ebering_ghost_disaster_area, nicolae_shop_firing_range
D:5:      layout_basic, nicolae_dithmenos_through_a_glass_darkly,
          overflow_temple_1_default, kennysheep_generic_room_9
D:6:      layout_basic, elyvilon_altar_1, gammafunk_ghost_stat_death,
          portal_sewer_entry_e, minmay_increasing_density, uniq_eustachio,
          uniq_edmund, uniq_menkaure
D:7:      layout_loops_corners, nicolae_gozag_cash_rules_everything_around_me,
          temple_pool_b, serial_shops, shop, uniq_crazy_yiuf_cottage,
          uniq_maggie, uniq_maurice
D:8:      layout_basic, nicolae_ru_great_annihilating_truth, erik_lair_island,
          uniq_jeremiah
D:9:      layout_loops_cross, lightli_temple_of_fire,
          gammafunk_ghost_berserking_beasts, nrook_pool_corridor,
          minmay_misc_feat_chi, minmay_chambers_of_fives
D:10:     layout_small_grid, kennysheep_mini_moat,
          nicolae_hepliaklqana_hippocampus, david_orc_4, serial_shops,
          nicolae_shop_crystal, nicolae_shop_hallway_stairs,
          nicolae_shop_hallway_stairs, shop, nicolae_shop_crystal
D:11:     minmay_the_grid_4x2 [minmay_the_grid_minigrid_large,
          minmay_the_grid_empty, minmay_the_grid_large_cup, minmay_the_grid_fan,
          minmay_the_grid_rooms, minmay_the_grid_x, minmay_the_grid_small_cups,
          minmay_the_grid_prize_four_corners], layout_cave_pools, uniq_snorg
D:12:     layout_layer_cave
D:13:     layout_rooms, grunt_vaults_entry_fortified, uniq_azrael, uniq_jorgrun,
          uniq_erolcha, uniq_sonja
D:14:     kennysheep_demon_hangout, layout_irregular_city,
          kennysheep_cross_bottleneck, chequers_serial_rivers_micro_d,
          hangedman_fish_farm
D:15:     gammafunk_depths_entry_grave, layout_loops_ring,
          chequers_decorated_corner, drop_trap
Lair:1:   layout_hall_layers, roderic_batcave, chequers_serial_rivers_micro_c,
          lemuel_altar_in_water2, pdpol_lair_neglected_garden,
          serial_bayou_shore_b
Lair:2:   layout_cave_pods, mainiacjoe_swamp_entry_lozenge_pond,
          grunt_forest_small_clearing_treed, grunt_megastairs_4,
          serial_bayou_shore_a, uniq_nergalle
Lair:3:   layout_layer_cave, nicolae_spider_entry_tight_spaces,
          gauntlet_entry_generic, lemuel_fruit_fields
Lair:4:   layout_small_grid
Lair:5:   evilmike_catoblepas_cave, layout_loops_ring, slime_entry_1,
          gammafunk_ghost_arena
Spider:1: nicolae_spider_hilbert_zone_2 [nicolae_spider_hilbert_4_sides_1_open,
          nicolae_spider_hilbert_4_sides_1_open,
          nicolae_spider_hilbert_4_sides_1_open,
          nicolae_spider_hilbert_4_sides_1_open,
          nicolae_spider_hilbert_6_sides_1_open,
          nicolae_spider_hilbert_6_sides_1_open,
          nicolae_spider_hilbert_3_sides_1_open,
          nicolae_spider_hilbert_3_sides_1_open,
          nicolae_spider_hilbert_3_sides_1_open,
          nicolae_spider_hilbert_3_sides_1_open,
          nicolae_spider_hilbert_6_sides_1_open,
          nicolae_spider_hilbert_6_sides_1_open,
          nicolae_spider_hilbert_6_sides_1_open,
          nicolae_spider_hilbert_6_sides_1_open]
Spider:2: cheibrodos_spider_deadly_dance, einodemon_crawler_minivault,
          hangedman_spider_tarantella_strand
Spider:3: layout_spider_delve, gammafunk_ghost_mausoleum
Spider:4: hellmonk_spider_rune_endless_swarm, nicolae_spider_checkerboard
Orc:1:    layout_diamond_mine, serial_shops, nicolae_shop_getting_attention,
          mines1_david
Orc:2:    grunt_orc_cross, layout_caves, mines2_lemuel
Elf:1:    eino_elf_arrival_shootout, layout_loops_cross,
          hangedman_elf_represent, uniq_asterion
Elf:2:    elven_hall_of_blades_hangedman_alternative
          [nicolae_blade_entry_diamond_columns], layout_onion_city,
          portal_ice_cave_entry_dragon
Vaults:1: nicolae_vaults_shipping_containers_1, nicolae_vaults_little_squares_6,
          dpeg_vaults_monster_row, nicolae_vaults_storage_closets_1,
          nicolae_vaults_windows_and_doors_thing,
          ontoclasm_vaults_loading_screen, layout_vaults_big_room, serial_shops,
          shop, shop, nicolae_shop_mannequins
Vaults:2: nicolae_vaults_ring_of_whatevers, nicolae_vaults_loss_of_containment,
          nicolae_vaults_little_squares_3, minmay_crypt_entry_necro_gods,
          nicolae_vaults_alarming, nicolae_vaults_little_squares_5,
          nicolae_vaults_closet_pinwheel_6, ontoclasm_vaults_bender,
          grunt_vaults_hallway_long, hangedman_vaults_variations,
          nicolae_vaults_tetromino_T_1, nicolae_vaults_sealed_display,
          nicolae_vaults_offset_grid_hallway_3, layout_vaults_big_cross,
          serial_shops, nicolae_shop_waterfront, shop, shop,
          nicolae_shop_bloodbath_and_beyond
Vaults:3: nicolae_vaults_diamond_1, v_misc_28, vaults_mumra_chevron_long,
          v_misc_12, nicolae_vaults_double_plus_3, vaults_room_guarded_vault,
          nicolae_vaults_sightless_eye, grunt_vaults_swirl,
          nicolae_vaults_stepped_doors, nicolae_vaults_doubleplus_tesselated,
          nicolae_vaults_little_squares_5, hangedman_vaults_corner_blocks,
          layout_vaults_maze_bifur
Vaults:4: nicolae_vaults_oval_intersection, vaults_standard_mumra_x,
          hangedman_vaults_corner_blocks, nicolae_vaults_mush_room,
          nicolae_vaults_what_the_h, vaults_room_octagon,
          nicolae_vaults_spaceships, vaults_mumra_hexcomb,
          hangedman_vaults_stagger, vaults_dpeg_cross,
          hangedman_vaults_river_flow, nicolae_vaults_trapezoid_2,
          layout_vaults_ring, serial_shops, shop, uniq_xtahua, uniq_margery

Notes
Turn   | Place    | Note
-------+----------+-------------------------------------------
     0 | D:1      | nago the Demonspawn Cinder Acolyte began the quest for the
                  | Orb.
     0 | D:1      | Reached XP level 1. HP: 18/18 MP: 2/2
   365 | D:1      | Gained mutation: You regenerate magic rapidly. [demonic
                  | ancestry]
   365 | D:1      | Reached XP level 2. HP: 22/24 MP: 3/3
   373 | D:1      | Learned a level 2 spell: Scorch
   487 | D:1      | Reached skill level 3 in Fire Magic
   952 | D:2      | Gained mutation: You are partially covered in rugged brown
                  | scales. (AC +1, +3% HP) [demonic ancestry]
   952 | D:2      | Reached XP level 3. HP: 24/29 MP: 2/5
  1241 | D:2      | Reached skill level 2 in Spellcasting
  1281 | D:1      | Reached XP level 4. HP: 38/38 MP: 1/7
  1378 | D:2      | Found a faded altar of an unknown god.
  2248 | D:3      | Reached skill level 4 in Fighting
  2373 | D:3      | Noticed a phantom
  2377 | D:3      | Killed a phantom
  2378 | D:3      | Gained mutation: You have a pair of small horns on your
                  | head. [demonic ancestry]
  2378 | D:3      | Reached XP level 5. HP: 43/43 MP: 2/9
  2475 | D:3      | Reached skill level 3 in Spellcasting
  2833 | D:3      | Found a basalt altar of Yredelemnul.
  2833 | D:3      | Found a bloodstained altar of Trog.
  2913 | D:3      | Noticed Pargi
  2924 | D:3      | Killed Pargi
  2925 | D:3      | Reached skill level 1 in Stealth
  2925 | D:3      | Reached skill level 4 in Fire Magic
  2925 | D:3      | Gained mutation: When hurt, damage is shared between your
                  | health and your magic reserves. [demonic ancestry]
  2925 | D:3      | Reached XP level 6. HP: 38/50 MP: 1/10
  3208 | D:4      | Found Rexkyh's Firing Range.
  3475 | D:4      | Found a shimmering blue altar of Sif Muna.
  3513 | D:4      | Found a snail-covered altar of Cheibriados.
  3516 | D:4      | Found a shimmering altar of Xom.
  3519 | D:4      | Found a sparkling altar of Nemelex Xobeh.
  3520 | D:4      | Found a broken altar of Ashenzari.
  3530 | D:4      | Reached skill level 5 in Fighting
  3530 | D:4      | Reached skill level 2 in Stealth
  3631 | D:4      | Found a large runed translucent door.
  3631 | D:4      | Found a large runed translucent door.
  3635 | D:4      | Noticed GrimJard's ghost (amateur DrCj)
  3843 | D:5      | Entered Level 5 of the Dungeon
  3875 | D:5      | Found a shadowy altar of Dithmenos.
  3902 | D:5      | Reached XP level 7. HP: 57/57 MP: 0/12
  4201 | D:5      | Reached skill level 4 in Spellcasting
  4274 | D:5      | Found an ornate altar of the Wu Jian Council.
  4588 | D:5      | Reached skill level 3 in Stealth
  4722 | D:5      | Reached skill level 5 in Fire Magic
  4789 | D:6      | Noticed Eustachio
  4872 | D:5      | Reached XP level 8. HP: 38/65 MP: 0/14
  4993 | D:5      | Reached skill level 6 in Fighting
  5041 | D:6      | Killed Eustachio
  5095 | D:6      | Found a transporter.
  5095 | D:6      | Noticed funkygono's ghost (novice DEFE)
  5115 | D:6      | Found a transporter.
  5236 | D:6      | Reached skill level 4 in Stealth
  5261 | D:6      | Reached skill level 5 in Spellcasting
  5360 | D:6      | Noticed Edmund
  5375 | D:6      | Killed Edmund
  5581 | D:6      | Reached skill level 6 in Fire Magic
  5764 | D:6      | Noticed Menkaure
  5774 | D:6      | Killed Menkaure
  5775 | D:6      | Reached skill level 7 in Fighting
  5775 | D:6      | Reached skill level 5 in Stealth
  5775 | D:6      | Gained mutation: When low on magic, you restore magic in
                  | place of health. [demonic ancestry]
  5775 | D:6      | Reached XP level 9. HP: 74/74 MP: 11/17
  6239 | D:7      | Noticed Maurice
  6438 | D:7      | Found a staircase to the Ecumenical Temple.
  6470 | D:7      | Noticed Maggie
  6486 | D:7      | Killed Maggie
  6487 | D:7      | Reached skill level 1 in Dodging
  6487 | D:7      | Reached skill level 6 in Spellcasting
  6487 | D:7      | Reached skill level 1 in Evocations
  6606 | D:7      | Found an opulent altar of Gozag.
  6679 | D:7      | Reached skill level 1 in Armour
  6714 | D:7      | Found Elozace's Assorted Antiques.
  6718 | D:7      | Bought an ancient leather armour for 182 gold pieces
  6718 | D:7      | Identified the +0 leather armour "Reanaatz" {rPois} (You
                  | bought it in a shop on level 7 of the Dungeon)
  6854 | D:7      | Reached skill level 2 in Evocations
  6998 | D:7      | Found a runed translucent door.
  6999 | D:7      | Noticed Crazy Yiuf
  7205 | D:8      | Reached skill level 2 in Dodging
  7320 | D:8      | Reached skill level 2 in Armour
  7467 | D:8      | Reached skill level 3 in Evocations
  7474 | D:7      | Reached skill level 8 in Fighting
  7552 | D:8      | Reached skill level 3 in Dodging
  7587 | D:8      | Gained mutation: You sometimes gain a little power by
                  | taking damage. [demonic ancestry]
  7587 | D:8      | Reached XP level 10. HP: 74/82 MP: 10/20
  7947 | D:8      | Reached skill level 3 in Armour
  7947 | D:8      | Reached skill level 7 in Spellcasting
  8017 | D:8      | Found a staircase to the Lair.
  8118 | D:8      | Noticed Jeremiah
  8269 | D:9      | Found a transporter.
  8269 | D:9      | Noticed KineticRobot's ghost (novice DEEE)
  8289 | D:9      | Noticed a moth of wrath
  8289 | D:9      | Noticed a manticore
  8310 | D:9      | Found a transporter.
  8363 | D:9      | Reached skill level 4 in Evocations
  8647 | D:8      | Found a sacrificial altar of Ru.
  8680 | D:9      | Found a burning altar of Makhleb.
  8730 | D:9      | Reached skill level 4 in Dodging
  8808 | D:9      | Reached skill level 4 in Armour
  9242 | D:10     | Entered Level 10 of the Dungeon
  9303 | D:10     | Found Cicoi's Magic Scroll Shop.
  9312 | D:10     | Bought a scroll of identify for 28 gold pieces
  9312 | D:10     | Bought a scroll of identify for 28 gold pieces
  9322 | D:10     | Found a stormy altar of Qazlal.
  9459 | D:10     | Reached skill level 9 in Fighting
  9624 | D:10     | Found Cufuz's Antique Armour Shop.
  9654 | D:10     | Found Baijul's Antique Weapon Shop.
  9679 | D:10     | Reached skill level 5 in Dodging
  9722 | D:10     | Found Xonegelu's Antique Armour Emporium.
  9749 | D:10     | Reached XP level 11. HP: 80/91 MP: 9/22
  9798 | D:10     | Reached skill level 8 in Spellcasting
  9827 | D:10     | Bought a pair of embroidered boots for 180 gold pieces
  9837 | D:10     | Found Nusorph's Antique Weapon Shop.
  9988 | D:10     | Reached skill level 5 in Armour
 10110 | D:10     | Found a staircase to the Orcish Mines.
 10285 | D:10     | Found a hazy altar of Hepliaklqana.
 10546 | D:11     | Noticed a two-headed ogre
 10561 | D:10     | Killed a two-headed ogre
 10608 | D:11     | Noticed a two-headed ogre
 10618 | D:11     | Killed a two-headed ogre
 10686 | D:11     | Noticed a centaur warrior
 10706 | D:11     | Killed a centaur warrior
 10707 | D:11     | Reached skill level 6 in Dodging
 10710 | D:11     | Noticed a tengu warrior
 10768 | D:11     | Killed a tengu warrior
 10769 | D:11     | Reached skill level 10 in Fighting
 10815 | D:11     | Reached skill level 6 in Armour
 10822 | D:11     | Noticed an orc knight
 10971 | D:10     | Reached skill level 9 in Spellcasting
 11077 | D:11     | Noticed a two-headed ogre
 11081 | D:11     | Noticed an ogre mage
 11098 | D:11     | Killed a two-headed ogre
 11099 | D:11     | Reached skill level 7 in Dodging
 11113 | D:11     | Noticed Snorg
 11164 | Lair:1   | Entered Level 1 of the Lair of Beasts
 11164 | Lair:1   | Noticed a catoblepas
 11192 | Lair:1   | Killed a catoblepas
 11333 | D:8      | Reached skill level 1 in Staves
 11333 | D:8      | Reached XP level 12. HP: 71/99 MP: 7/25
 11634 | Lair:1   | Reached skill level 2 in Staves
 11751 | Lair:1   | Found an iron altar of Okawaru.
 11959 | Lair:1   | Learned a level 4 spell: Sticky Flame
 11964 | Lair:1   | Learned a level 4 spell: Flame Wave
 12520 | Lair:2   | Noticed a boulder beetle
 12532 | Lair:2   | Reached skill level 1 in Conjurations
 12551 | Lair:2   | Killed a boulder beetle
 12552 | Lair:2   | Reached skill level 10 in Spellcasting
 12552 | Lair:2   | Reached skill level 1 in Alchemy
 12656 | Lair:2   | Reached skill level 8 in Dodging
 12774 | Lair:2   | Noticed Nergalle
 13028 | Lair:2   | Reached skill level 2 in Conjurations
 13033 | Lair:2   | Reached skill level 3 in Staves
 13102 | Lair:2   | Reached skill level 2 in Alchemy
 13232 | Lair:2   | Reached skill level 3 in Conjurations
 13533 | Lair:2   | Found a staircase to the Swamp.
 13545 | Lair:2   | Reached skill level 7 in Fire Magic
 13832 | Lair:3   | Found a gate leading to a gauntlet.
 13867 | Gauntlet | Entered a Gauntlet
 13867 | Gauntlet | Found a transporter.
 13867 | Gauntlet | Found a transporter.
 13879 | Gauntlet | Found a transporter.
 13897 | Gauntlet | Found a transporter.
 13897 | Gauntlet | Found a transporter.
 13897 | Gauntlet | Found a transporter.
 13899 | Gauntlet | Found a transporter.
 13899 | Gauntlet | Found a transporter.
 13910 | Gauntlet | Noticed a seven-headed hydra
 13914 | Gauntlet | Found a transporter.
 13927 | Gauntlet | Found a transporter.
 13937 | Gauntlet | Found a transporter.
 13951 | Gauntlet | Found a transporter.
 13968 | Gauntlet | Noticed a hell hog
 13971 | Gauntlet | Found a transporter.
 13983 | Gauntlet | Found a transporter.
 14255 | Gauntlet | Identified the +0 cloak of Irinuqye {Harm Regen+ Dex-4
                  | SInv}
 14305 | Gauntlet | Noticed a minotaur
 14322 | Gauntlet | Killed a minotaur
 14323 | Gauntlet | Reached skill level 4 in Conjurations
 14592 | Lair:3   | Reached skill level 3 in Alchemy
 14768 | Lair:3   | Reached skill level 4 in Staves
 14800 | Lair:3   | Found a hole to the Spider Nest.
 15022 | Lair:3   | Reached skill level 5 in Conjurations
 15551 | Lair:4   | Gained mutation: You are mostly covered in rugged brown
                  | scales. (AC +2, +5% HP) [demonic ancestry]
 15551 | Lair:4   | Reached XP level 13. HP: 88/108 MP: 14/27
 15867 | Lair:4   | Identified the ring of the Pariah {Will++ Str+6}
 16186 | Lair:5   | Entered Level 5 of the Lair of Beasts
 16278 | Lair:5   | Found a transporter.
 16338 | Lair:5   | Reached skill level 6 in Conjurations
 16338 | Lair:5   | Reached skill level 4 in Alchemy
 16450 | Lair:5   | Reached skill level 9 in Dodging
 16735 | Lair:5   | Found a transporter.
 16745 | Lair:5   | Noticed Torious's ghost (journeyman DECj)
 16760 | Lair:5   | Noticed a dire elephant
 16775 | Lair:5   | Found a viscous altar of Jiyva.
 16782 | Lair:5   | Found a staircase to the Slime Pits.
 16879 | Lair:5   | Reached skill level 5 in Staves
 16934 | Lair:5   | Reached skill level 8 in Fire Magic
 16937 | Lair:5   | Reached skill level 7 in Conjurations
 17508 | Lair:2   | Killed Nergalle
 17791 | D:10     | Killed Snorg
 17792 | D:10     | Reached skill level 8 in Conjurations
 17887 | D:11     | Reached skill level 1 in Shields
 18073 | D:11     | Reached skill level 6 in Staves
 18220 | D:11     | You fall into a shaft and drop 2 floors!
 18233 | D:13     | Noticed Sonja
 18240 | D:13     | Killed Sonja
 18241 | D:13     | Gained mutation: You are completely covered in rugged brown
                  | scales. (AC +3, +7% HP) [demonic ancestry]
 18241 | D:13     | Reached XP level 14. HP: 95/117 MP: 18/28
 18663 | D:12     | Reached skill level 2 in Shields
 18804 | D:11     | Identified a scroll of acquirement
 18805 | D:11     | Acquired 769 gold pieces
 19028 | D:11     | Reached skill level 9 in Conjurations
 19883 | D:13     | Noticed Erolcha
 19900 | D:13     | Killed Erolcha
 19901 | D:13     | Reached skill level 10 in Dodging
 19997 | D:13     | Reached skill level 9 in Fire Magic
 20087 | D:13     | Reached skill level 3 in Shields
 20181 | D:13     | Noticed Jorgrun
 20235 | D:13     | Killed Jorgrun
 20236 | D:13     | Reached skill level 10 in Conjurations
 20259 | D:13     | Noticed Azrael
 20292 | D:12     | Killed Azrael
 20336 | D:12     | Reached skill level 7 in Staves
 20830 | D:13     | Reached skill level 4 in Shields
 21741 | D:15     | Entered Level 15 of the Dungeon
 22163 | D:15     | Reached skill level 5 in Shields
 22276 | D:14     | Reached skill level 10 in Fire Magic
 22386 | D:14     | Reached skill level 8 in Staves
 22873 | D:15     | Reached XP level 15. HP: 123/123 MP: 8/29
 22910 | D:15     | Found a staircase to the Depths.
 23347 | Orc:1    | Entered Level 1 of the Orcish Mines
 23350 | Orc:1    | Found Qeg Lokk's Weapon Shoppe.
 23438 | Orc:2    | Entered Level 2 of the Orcish Mines
 23473 | Orc:2    | Found a staircase to the Elven Halls.
 23607 | Orc:2    | Reached skill level 6 in Shields
 24263 | Orc:2    | Found a roughly hewn altar of Beogh.
 24266 | Orc:2    | Found Hegait's Antique Weapon Emporium.
 24279 | Orc:2    | Found Rifaynyll's General Store.
 24315 | Orc:2    | Bought a scroll of teleportation for 42 gold pieces
 24315 | Orc:2    | Bought a potion of brilliance for 56 gold pieces
 24484 | Orc:1    | Found a roughly hewn altar of Beogh.
 24868 | Orc:2    | Found Ziaheb's Antique Armour Emporium.
 24883 | Orc:2    | Found Nyliyle's Book Emporium.
 24969 | Orc:2    | Bought a scroll of acquirement for 728 gold pieces
 24969 | Orc:2    | Acquired the +0 cloak of Quasaisu {rC++ Will+}
 24992 | Orc:2    | Bought a book of Fire for 544 gold pieces
 24999 | Orc:2    | Learned a level 6 spell: Starburst
 25006 | Orc:2    | Learned a level 6 spell: Plasma Beam
 25128 | D:10     | Bought a scroll of fog for 56 gold pieces
 25128 | D:10     | Bought a scroll of blinking for 105 gold pieces
 25243 | D:8      | Killed Jeremiah
 25346 | D:4      | Killed GrimJard's ghost
 25447 | D:6      | Killed funkygono's ghost
 25620 | D:7      | Killed Maurice
 25683 | D:9      | Killed KineticRobot's ghost
 25686 | D:9      | Reached skill level 1 in Air Magic
 26392 | Spider:1 | Entered Level 1 of the Spider Nest
 26403 | Spider:1 | Noticed an emperor scorpion
 26558 | Lair:3   | Killed an emperor scorpion
 26559 | Lair:3   | Reached skill level 9 in Staves
 26812 | Spider:1 | Reached skill level 2 in Air Magic
 26820 | Spider:1 | Reached skill level 5 in Evocations
 26964 | Spider:1 | Reached skill level 7 in Shields
 27325 | Spider:1 | Identified the +0 robe of Zacoo {rC- rN+ rCorr}
 27457 | Spider:1 | Reached skill level 3 in Air Magic
 27575 | Spider:1 | Identified the +7 quarterstaff "Yfean" {heavy, rF+ Str+3
                  | Dex+3}
 27988 | Spider:1 | Reached skill level 11 in Spellcasting
 28364 | Spider:2 | Learned a level 2 spell: Blink
 28422 | Spider:2 | Reached skill level 6 in Evocations
 28660 | Spider:2 | Reached skill level 1 in Translocations
 28660 | Spider:2 | Reached XP level 16. HP: 103/131 MP: 21/31
 28682 | Spider:2 | Reached skill level 4 in Air Magic
 29040 | Spider:2 | Reached skill level 2 in Translocations
 29105 | Spider:2 | Reached skill level 10 in Staves
 29105 | Spider:2 | Reached skill level 8 in Shields
 29186 | Spider:2 | Found a runed translucent door.
 29838 | Spider:2 | Reached skill level 3 in Translocations
 29842 | Spider:2 | Reached skill level 5 in Air Magic
 30128 | Spider:3 | Upgraded the game from 0.32-a0-314-g526f7d4993 to
                  | 0.32-a0-328-gd8048dd28f
 30598 | Spider:3 | Reached skill level 4 in Translocations
 31005 | Spider:3 | Reached skill level 6 in Air Magic
 31046 | Spider:3 | Found a transporter.
 31046 | Spider:3 | Noticed Qeaxauw's ghost (adept OnBr)
 31058 | Spider:3 | Found a transporter.
 31085 | Spider:3 | Reached skill level 12 in Spellcasting
 31561 | Spider:4 | Entered Level 4 of the Spider Nest
 31697 | Spider:4 | Reached skill level 11 in Staves
 32540 | Spider:4 | Gained mutation: You have a pair of horns on your head.
                  | [demonic ancestry]
 32540 | Spider:4 | Reached XP level 17. HP: 128/130 MP: 16/33
 32590 | Spider:4 | Reached skill level 7 in Air Magic
 33091 | Spider:4 | HP: 13/138 [burnt (4)]
 33096 | Spider:4 | HP: 6/138 [burnt (1)]
 33101 | Spider:4 | HP: 1/138 [burnt (2)]
 33820 | Spider:4 | Got a gossamer rune of Zot
 34283 | D:10     | Bought 2 scrolls of teleportation for 84 gold pieces
 34283 | D:10     | Bought a scroll of teleportation for 42 gold pieces
 34283 | D:10     | Bought a scroll of teleportation for 42 gold pieces
 34283 | D:10     | Bought 3 scrolls of summoning for 399 gold pieces
 34283 | D:10     | Bought a scroll of teleportation for 42 gold pieces
 34283 | D:10     | Bought 3 scrolls of teleportation for 126 gold pieces
 34906 | D:13     | Found a gate to the Vaults.
 34998 | Vaults:1 | Entered Level 1 of the Vaults
 35004 | Vaults:1 | Found Nurec's Magic Scroll Shoppe.
 35008 | Vaults:1 | Reached skill level 8 in Air Magic
 35013 | Vaults:1 | Reached skill level 13 in Spellcasting
 35013 | Vaults:1 | Reached skill level 11 in Fire Magic
 35151 | Vaults:1 | Bought a scroll of teleportation for 42 gold pieces
 35157 | Vaults:1 | Noticed a walking divine tome
 35492 | Vaults:1 | Found Mamagig's Book Shop.
 35495 | Vaults:1 | Noticed a walking earthen tome
 35971 | Vaults:1 | Found Zanupp's Jewellery Shop.
 36242 | Vaults:1 | Noticed a sphinx
 36251 | Vaults:1 | Killed a sphinx
 36587 | Vaults:2 | Found Ekichyuq's Antique Armour Shop.
 36650 | Vaults:2 | Reached skill level 9 in Air Magic
 36787 | Vaults:2 | Found Gieleuf's Magic Scroll Emporium.
 36802 | Vaults:2 | Bought a scroll of blinking for 135 gold pieces
 36802 | Vaults:2 | Bought a scroll of fog for 72 gold pieces
 36865 | Vaults:2 | Paralysed by a formless jellyfish for 1 turns
 37111 | Vaults:2 | Gained mutation: You sometimes gain power by taking damage.
                  | [demonic ancestry]
 37111 | Vaults:2 | Reached XP level 18. HP: 145/145 MP: 6/35
 37352 | Vaults:2 | Found Suhehont's Magic Scroll Boutique.
 37356 | Vaults:2 | Reached skill level 12 in Fire Magic
 37374 | Vaults:2 | Bought 2 scrolls of fear for 144 gold pieces
 37374 | Vaults:2 | Bought a scroll of fog for 72 gold pieces
 37530 | Vaults:2 | Found a staircase to the Crypt.
 37530 | Vaults:2 | Found an ancient bone altar of Kikubaaqudgha.
 37531 | Vaults:2 | Found a basalt altar of Yredelemnul.
 37635 | Vaults:2 | Reached skill level 14 in Spellcasting
 38001 | Vaults:2 | Reached skill level 10 in Air Magic
 38344 | Vaults:2 | Found Emigh's Weapon Emporium.
 39032 | Vaults:3 | Reached skill level 13 in Fire Magic
 39156 | Vaults:3 | Reached skill level 11 in Fighting
 39606 | Vaults:3 | Reached skill level 15 in Spellcasting
 40091 | Vaults:3 | Gained mutation: You have a pair of large horns on your
                  | head. [demonic ancestry]
 40091 | Vaults:3 | Reached XP level 19. HP: 155/156 MP: 16/38
 40136 | Vaults:3 | Identified the ring "Onikur" {+Blink EV+5 Str+4 Int+3
                  | Dex+2}
 40141 | Vaults:3 | Reached skill level 12 in Fighting
 40407 | Vaults:3 | Reached skill level 14 in Fire Magic
 41137 | Vaults:4 | Reached skill level 13 in Fighting
 41610 | Vaults:4 | Reached skill level 15 in Fire Magic
 41759 | Vaults:4 | Identified the +1 robe of the Telling Gods {rN+}
 41761 | Vaults:4 | Noticed Xtahua
 41796 | Vaults:4 | Killed Xtahua
 41816 | Vaults:4 | Reached skill level 14 in Fighting
 42621 | Vaults:4 | Reached skill level 15 in Fighting
 43057 | Vaults:4 | Found Demaow's General Store.
 43058 | Vaults:4 | Identified a potion of resistance
 43069 | Vaults:4 | Bought a potion of curing for 54 gold pieces
 43069 | Vaults:4 | Bought a scroll of fear for 72 gold pieces
 43069 | Vaults:4 | Bought a potion of resistance for 180 gold pieces
 43177 | Vaults:2 | Bought a glowing kite shield for 187 gold pieces
 43527 | Elf:1    | Entered Level 1 of the Elven Halls
 43588 | Elf:1    | Noticed Asterion
 43595 | Elf:1    | Killed Asterion
 43750 | Elf:1    | Reached XP level 20. HP: 173/173 MP: 33/39
 43956 | Elf:1    | Paralysed by an air elemental for 1 turns
 43960 | Elf:1    | Paralysed by an air elemental for 1 turns
 43963 | Elf:1    | Paralysed by an air elemental for 1 turns
 44012 | Elf:1    | Paralysed by an air elemental for 1 turns
 44599 | Elf:1    | Found a huge runed translucent gate.
 44599 | Elf:1    | Found a huge runed translucent gate.
 44601 | Elf:1    | Found a huge runed translucent gate.
 44601 | Elf:1    | Found a huge runed translucent gate.
 44601 | Elf:1    | Found a huge runed translucent gate.
 44601 | Elf:1    | Found a huge runed translucent gate.
 44601 | Elf:1    | Found a huge runed translucent gate.
 44602 | Elf:1    | Found a huge runed translucent gate.
 44602 | Elf:1    | Found a huge runed translucent gate.
 44602 | Elf:1    | Found a huge runed translucent gate.
 44602 | Elf:1    | Found a huge runed translucent gate.
 44602 | Elf:1    | Found a huge runed translucent gate.
 44603 | Elf:1    | Found a huge runed translucent gate.
 44603 | Elf:1    | Found a huge runed translucent gate.
 44603 | Elf:1    | Found a huge runed translucent gate.
 44603 | Elf:1    | Found a huge runed translucent gate.
 44604 | Elf:1    | Found a huge runed translucent gate.
 44604 | Elf:1    | Found a huge runed translucent gate.
 44604 | Elf:1    | Found a huge runed translucent gate.
 44604 | Elf:1    | Found a huge runed translucent gate.
 44999 | Elf:2    | Found a glacial archway.
 45003 | Elf:2    | Reached skill level 9 in Shields
 45011 | IceCv    | Entered an ice cave
 45192 | IceCv    | Reached skill level 11 in Dodging
 45352 | IceCv    | Reached skill level 11 in Air Magic
 45409 | IceCv    | Noticed a shard shrike
 45416 | IceCv    | Killed a shard shrike
 45874 | IceCv    | Got Improving Your Occultism
 45914 | IceCv    | Identified a +1 leather armour of resistance
 46533 | Elf:2    | HP: 16/173 [+1 flail of holy wrath (10)]
 46535 | Elf:2    | HP: 4/173 [+1 flail of holy wrath (9)]
 46535 | Elf:2    | Slain by a +1 flail of holy wrath

Vanquished Creatures
  Xtahua (Vaults:4)
  A shard shrike (IceCv)
  Jorgrun (D:13)
  Asterion (Elf:1)
  3 sphinxes
  2 ghost moths (Spider:3)
  2 emperor scorpions
  16 vault wardens
  A frost giant (Vaults:1)
  A deep elf sorcerer (Vaults:1)
  2 orc warlords
  A formless jellyfish (Vaults:2)
  16 ironbound preservers
  A stone giant (Vaults:1)
  9 broodmothers
  5 ironbound thunderhulks
  2 deep elf demonologists
  2 deep elf annihilators
  Azrael (D:12)
  A war gargoyle (Vaults:3)
  A minotaur (Gauntlet)
  A spark wasp (Spider:3)
  A white draconian (IceCv)
  2 ettins
  8 dire elephants
  15 yaktaur captains
  Snorg (D:10)
  12 entropy weavers
  9 great orbs of eyes
  An ice dragon (Elf:2)
  18 ironbound frosthearts
  7 radroaches
  19 vault guards
  5 jorogumos
  A peacekeeper (Vaults:2)
  Erolcha (D:13)
  5 centaur warriors
  4 hydras
  4 catoblepae
  An ogre mage (D:11)
  11 boulder beetles
  10 dancing weapons
  4 two-headed ogres
  3 death yaks (Lair:5)
  An orc high priest (Orc:2)
  3 tengu warriors
  9 demonic crawlers
  11 deep elf knights
  Nergalle (Lair:2)
  Sonja (D:13)
  8 pharaoh ants
  A shadow wraith (Vaults:1)
  A skyshark (shapeshifter) (Vaults:2)
  A storm dragon zombie (D:15)
  A fire crab (D:15)
  49 deep trolls
  2 skeletal warriors (D:15)
  A skyshark (Lair:4)
  2 spark wasp zombies (D:15)
  A swamp dragon (Lair:2)
  5 arcanists
  A sun moth (shapeshifter) (Vaults:2)
  A flayed ghost (D:15)
  A swamp dragon (shapeshifter) (Vaults:3)
  A sun moth (Spider:4)
  5 orb spiders
  An orange crystal statue (IceCv)
  7 deep elf archers
  A lindwurm (shapeshifter) (Vaults:2)
  10 orc knights
  10 ironbound convokers
  10 lindwurms
  5 steelbarb worms
  A tengu zombie (Vaults:3)
  18 wolf spiders
  4 orc sorcerers
  3 necromancers
  The ghost of KineticRobot the Magician, a novice DEEE of Sif Muna (D:9)
  23 ugly things
  13 deep elf pyromancers
  28 deep elf zephyrmancers
  2 stone giant zombies (Vaults:3)
  An oklob plant (Lair:3)
  7 moths of wrath
  Maurice (D:7)
  4 cyclopes
  A moth of wrath (shapeshifter) (Vaults:1)
  8 manticores
  7 meliai
  2 kobold blastminers (Orc:1)
  4 black mambas
  A water nymph (shapeshifter) (Vaults:2)
  2 gargoyles
  3 torpor snails
  An unseen horror (D:11)
  23 vault sentinels
  Jeremiah (D:8)
  A hellion (Gauntlet)
  4 komodo dragons
  2 efreet
  A freezing wraith (D:15)
  22 rime drakes
  Maggie (D:7)
  7 cane toads
  41 yaktaurs
  A red devil (D:14)
  A tengu conjurer (D:15)
  A merfolk (shapeshifter) (Vaults:2)
  11 trolls
  The ghost of funkygono the Magician, a novice DEFE of Vehumet (D:6)
  A guardian serpent (shapeshifter) (Vaults:2)
  17 polar bears
  A hornet (Lair:4)
  A merfolk (D:14)
  40 tarantellas
  The ghost of GrimJard the Conjurer, an amateur DrCj of Lugonu (D:4)
  A human skeleton (Vaults:3)
  39 slime creatures
  27 jumping spiders
  5 shadows
  28 culicivoras
  4 wraiths
  A vampire (D:11)
  An air elemental (Elf:1)
  A yak (shapeshifter) (D:10)
  Eustachio (D:6)
  4 basilisks
  5 wyverns
  A human (D:13)
  3 wargs
  A fire bat (Gauntlet)
  98 redbacks
  3 steam dragons
  55 yaks
  7 fire elementals
  6 vampire mosquitoes
  Menkaure (D:6)
  Edmund (D:6)
  13 water moccasins
  A hell hound (D:12)
  2 acid dragons
  22 orc warriors
  Pargi (D:3)
  4 ice beasts
  2 laughing skulls (D:14)
  2 black bears
  3 ogres
  5 centaurs
  24 wolves
  3 boggarts (Vaults:1)
  A phantom (D:3)
  4 kobold brigands
  2 earth elementals
  12 bullfrogs
  3 scorpions
  4 wights
  9 killer bees (D:9)
  A vampire bat (Lair:1)
  4 howler monkeys
  5 electric eels
  A crimson imp (D:13)
  2 bombardier beetles
  3 quasits (D:6)
  5 hounds
  15 orc priests
  2 gnoll boudas
  A sleepcap (D:4)
  4 iguanas
  26 orc wizards
  5 hell rats (Lair:2)
  4 adders
  13 gnolls
  4 white imps
  3 ufetubi
  A ribbon worm (D:2)
  50 orcs
  10 bats
  3 endoplasms
  3 giant cockroaches
  5 goblins
  3 hobgoblins
  4 jackals (D:3)
  3 quokkas
  3 training dummies (D:4)
  9 ball pythons
  2 frilled lizards
  20 kobolds
  8 rats
  A butterfly (Lair:3)
1311 creatures vanquished.

Vanquished Creatures (others)
  A deep elf pyromancer (Elf:1)
  2 komodo dragons
  A shadow (D:11)
4 creatures vanquished.

Grand Total: 1315 creatures vanquished

Table legend: (Time is in decaauts)
 A = Elapsed time spent in this place.
 B = Non-inter-level travel time spent in this place.
 C = Inter-level travel time spent in this place.
 D = Time resting spent in this place.
 E = Time spent auto-exploring this place.
 F = Levels seen in this place.
 G = Mean time per level.
                   A        B        C        D        E       F      G
               +--------+--------+--------+--------+--------+-----+--------+
         Total |  46688 |  42679 |   4009 |   2056 |  30587 |  34 | 1373.2 |
       Dungeon |  19540 |  17391 |   2149 |   1085 |  12259 |  15 | 1302.7 |
          Lair |   6450 |   5767 |    683 |    173 |   4358 |   5 | 1290.0 |
   Spider Nest |   7383 |   7046 |    337 |    466 |   4663 |   4 | 1845.8 |
  Orcish Mines |   1768 |   1616 |    152 |     11 |   1190 |   2 |  884.0 |
   Elven Halls |   1798 |   1728 |     70 |     34 |   1376 |   2 |  899.0 |
        Vaults |   8157 |   7542 |    615 |    242 |   5745 |   4 | 2039.2 |
      Ice Cave |   1057 |   1057 |      0 |     31 |    793 |   1 | 1057.0 |
      Gauntlet |    532 |    532 |      0 |     14 |    200 |   1 |  532.0 |
               +--------+--------+--------+--------+--------+-----+--------+

Top non-repeatable levels by time:
Vaults:2: 2418 daAuts
Spider:4: 2204 daAuts
Vaults:3: 2112 daAuts
Vaults:4: 2080 daAuts
    D:10: 2002 daAuts
Spider:2: 1868 daAuts
Spider:3: 1723 daAuts
    D:13: 1641 daAuts
     D:8: 1632 daAuts
  Lair:3: 1629 daAuts
Spider:1: 1586 daAuts
Vaults:1: 1545 daAuts
    D:12: 1508 daAuts
     D:7: 1454 daAuts
  Lair:2: 1406 daAuts

Table legend:
 A = Non-vault XP
 B = Vault XP
 C = Vault XP percentage of total XP
 D = Non-vault monster count
 E = Vault monster count
 F = Vault count percentage of total count
                 A         B        C        D         E       F
            +---------+---------+-------+---------+---------+-------
      Total |  292083 |  243237 |  45.4 |     809 |     505 |  38.4
            +---------+---------+-------+---------+---------+-------
        D:1 |      53 |       0 |   0.0 |      11 |       0 |   0.0
        D:2 |      79 |       0 |   0.0 |      16 |       0 |   0.0
        D:3 |     186 |     131 |  41.3 |      16 |       1 |   5.9
        D:4 |     252 |     281 |  52.7 |      14 |       4 |  22.2
        D:5 |     535 |     201 |  27.3 |      13 |       2 |  13.3
        D:6 |     506 |    1486 |  74.6 |      13 |      23 |  63.9
        D:7 |     980 |     985 |  50.1 |      15 |       3 |  16.7
        D:8 |    2860 |    1126 |  28.2 |      40 |      11 |  21.6
        D:9 |    1421 |    3124 |  68.7 |      33 |      18 |  35.3
       D:10 |    4424 |    3619 |  45.0 |      18 |      18 |  50.0
       D:11 |    3625 |    8812 |  70.9 |      16 |      27 |  62.8
       D:12 |    7704 |    1948 |  20.2 |      14 |       6 |  30.0
       D:13 |    7676 |   11897 |  60.8 |      19 |      17 |  47.2
       D:14 |    2829 |     633 |  18.3 |       9 |       3 |  25.0
       D:15 |   11325 |    5056 |  30.9 |      25 |       7 |  21.9
     Lair:1 |    4360 |     510 |  10.5 |      20 |       8 |  28.6
     Lair:2 |    4216 |    2843 |  40.3 |      26 |       6 |  18.8
     Lair:3 |    4659 |    1314 |  22.0 |      13 |       6 |  31.6
     Lair:4 |    2828 |       0 |   0.0 |      10 |       0 |   0.0
     Lair:5 |    7061 |    9089 |  56.3 |      24 |      23 |  48.9
   Spider:1 |   15257 |   10561 |  40.9 |      49 |      21 |  30.0
   Spider:2 |   14302 |   13560 |  48.7 |      37 |      27 |  42.2
   Spider:3 |   21876 |    1902 |   8.0 |      57 |       2 |   3.4
   Spider:4 |   15073 |   25006 |  62.4 |      37 |      50 |  57.5
      Orc:1 |    2920 |       0 |   0.0 |       9 |       0 |   0.0
      Orc:2 |    1778 |    5536 |  75.7 |      18 |      29 |  61.7
      Elf:1 |   22355 |    5406 |  19.5 |      36 |       7 |  16.3
      Elf:2 |   12883 |     870 |   6.3 |      21 |       1 |   4.5
   Vaults:1 |   13310 |   15092 |  53.1 |      23 |      22 |  48.9
   Vaults:2 |   39353 |   13019 |  24.9 |      59 |      18 |  23.4
   Vaults:3 |   32496 |   35455 |  52.2 |      48 |      43 |  47.3
   Vaults:4 |   32901 |   36101 |  52.3 |      50 |      45 |  47.4
      IceCv |       0 |   26093 | 100.0 |       0 |      53 | 100.0
   Gauntlet |       0 |    1581 | 100.0 |       0 |       4 | 100.0
            +---------+---------+-------+---------+---------+-------
